 Dungeon Sprint DCSS version 0.30-a0-371-gad7725a93e (webtiles) character file.

Game seed: 4807168828556086903

235 mhtbhm the Protected (level 5, -14/48 HPs)
             Began as an Armataur Fighter on Nov 20, 2022.
             Demolished by a shadow (24 damage)
             ... in the Dungeon (Sprint III: "The Ten Rune Challenge").
             The game lasted 00:01:22 (449 turns).

mhtbhm the Protected (Armataur Fighter)              Turns: 449, Time: 00:01:23

Health: -14/48     AC:  8    Str: 23    XL:     5   Next: 76%
Magic:  5/5        EV:  7    Int:  8    God:
Gold:   61         SH:  5    Dex: 10    Spells: 4/4 levels left

rFire   . . .      SeeInvis .    a - +0 flail
rCold   . . .      Faith    .    c - +0 buckler
rNeg    . . .      Spirit   .    b - +0 scale mail
rPois   +          Reflect  .    (no helmet)
rElec   .          Harm     .    (no cloak)
rCorr   .          Roll     +    (no gloves)
Will    .....      NoTele   +    (no barding)
Stlth   +.........               (no amulet)
HPRegen 0.28/turn                (no ring)
MPRegen 0.09/turn                (no ring)

@: mighty, flying, hasted, very quick
A: large, rugged brown scales 3, deformed body, armoured tail, roll, long
tongue, awkward tongue, stinger 2, camouflage 1, frail 1, poison resistance
a: no special abilities


You were in the Dungeon.
You visited 1 branch You collected 61 gold pieces.

Inventory:

Hand Weapons
 a - a +0 flail (weapon)
Armour
 b - a +0 scale mail (worn)
 c - a +0 buckler (worn)
Scrolls
 e - a scroll of poison {unknown}
 f - a scroll of amnesia {unknown}
 j - a scroll of blinking
 l - a scroll of immolation {unknown}
 m - a scroll of enchant armour {unknown}
Potions
 h - 2 potions of magic
 k - a potion of flight
 n - 5 potions of mutation


   Skills:
 + Level 6.1 Fighting
 + Level 5.0 Maces & Flails
 + Level 9.0 Armour
 + Level 0.1 Dodging
 + Level 7.0 Shields


You had 4 spell levels left.
You didn't know any spells.
Your spell library contained the following spells:

 Spells                   Type           Power      Damage    Failure   Level
 Necrotise                Necr           0%         1d4       75%         1
 Vampiric Draining        Necr           0%         2d6       98%         3
 Agony                    Necr           0%         N/A       100%        5


Dungeon Overview and Level Annotations

Branches:
Dungeon (1/1)

Altars:
Kikubaaqudgha
Sif Muna
Vehumet


Innate Abilities, Weirdness & Mutations

You are completely covered in rugged brown scales. (AC +3, +7% HP)
Armour fits poorly on your strangely shaped body.
You have a long armoured tail.
You roll when moving toward enemies. (Rampage)
Your long tongue fully drains potion bottles. (2x potion effects)
Your tongue gives you trouble enunciating. (1.5x scroll delay)
Your tail ends in a sharp venomous barb.
Your skin changes colour to match your surroundings (Stealth+).
You are frail. (-10% HP)
Your system is resistant to poisons. (rPois)


Message History

You slurp down every last drop of the potion of might!
You feel very mighty all of a sudden.
The shadow slips into darkness.
The shadow flickers and vanishes!
Deactivating autopickup; reactivate with Ctrl-A.
Unknown command.
You barely miss something.
The shadow strikes at you from the darkness!
Ouch! That really hurt!
Reactivating autopickup.
Okay, then.
You closely miss the shadow. The shadow barely misses you. The shadow hits you.
You completely miss the shadow. The shadow hits you.
You barely miss the shadow. The shadow hits you!
* * * LOW HITPOINT WARNING * * *
The shadow attacks as you move away! The shadow hits you.
You slurp down every last drop of the potion of haste!
You feel yourself speed up.
The shadow slips into darkness.
The shadow flickers and vanishes!
Deactivating autopickup; reactivate with Ctrl-A.
Unknown command.
The shadow strikes at you from the darkness!
* * * LOW HITPOINT WARNING * * *
Reactivating autopickup.
The shadow slips into darkness.
The shadow flickers and vanishes!
Deactivating autopickup; reactivate with Ctrl-A.
There is a fountain of clear blue water here.
There is an open door to the Ecumenical Temple here.
There is a staircase leading out of the dungeon here.
You start resting.
There is a strange disturbance nearby!
You slurp down every last drop of the 2 brown potions!
It was a potion of flight.
You feel very buoyant.
You fly up into the air.
The shadow strikes at you from the darkness!
Ouch! That really hurt!
You die...

▓▓▓▓▓▓▓▓▓ ▓▓▓
▓<..#...#### ##.#
▓.@.#......#####..#
▓.{##....)..#..#..#
▓##.##.##...#..#..#
##.##.###..##'#..#
▓#.####.##..###...'
▓.###..##..####...#
▓#.....##..###....#
###..##...##.....#
##..##....#......#


There were no monsters in sight!

Vanquished Creatures
  A scorpion (D)
  A water elemental (D)
  A jelly (D)
  Jessica (D)
  A wizard (D)
  A kobold demonologist (D)
  A human (D)
  2 endoplasms (D)
9 creatures vanquished.

Notes
Turn   | Place    | Note
-------+----------+-------------------------------------------
     0 | D        | mhtbhm the Armataur Fighter began the quest for the Orb.
     0 | D        | Reached XP level 1. HP: 19/19 MP: 1/1
    41 | D        | Reached skill level 4 in Armour
    54 | D        | Noticed Jessica
    58 | D        | Killed Jessica
    59 | D        | Reached skill level 5 in Armour
    59 | D        | Reached XP level 2. HP: 28/28 MP: 2/2
    59 | D        | Reached XP level 3. HP: 35/35 MP: 3/3
   108 | D        | Reached skill level 5 in Shields
   163 | D        | Noticed a scorpion
   166 | D        | Killed a scorpion
   167 | D        | Reached skill level 5 in Fighting
   167 | D        | Reached skill level 7 in Armour
   167 | D        | Reached XP level 4. HP: 39/44 MP: 4/4
   196 | D        | Gained mutation: Your system is resistant to poisons.
                  | (rPois) [potion of mutation]
   196 | D        | Gained mutation: You are frail. (-10% HP) [potion of
                  | mutation]
   196 | D        | Gained mutation: Your skin changes colour to match your
                  | surroundings (Stealth+). [potion of mutation]
   196 | D        | Gained mutation: Your tail ends in a venomous barb. [potion
                  | of mutation]
   196 | D        | Gained mutation: Your tail ends in a sharp venomous barb.
                  | [potion of mutation]
   199 | D        | Noticed a water elemental
   206 | D        | Killed a water elemental
   207 | D        | Reached skill level 8 in Armour
   207 | D        | Reached XP level 5. HP: 32/46 MP: 5/5
   374 | D        | Found a radiant altar of Vehumet.
   374 | D        | Found a shimmering blue altar of Sif Muna.
   374 | D        | Found an ancient bone altar of Kikubaaqudgha.
   378 | D        | Reached skill level 5 in Maces & Flails
   378 | D        | Reached skill level 9 in Armour
   397 | D        | Noticed a shadow
   406 | D        | HP: 2/48 [something (6)]
   449 | D        | Demolished by a shadow

Illustrated notes

Levels and vault maps discovered:
D:        dungeon_sprint_mu [sprint_mu_entry_cave, sprint_mu_temple_rooms,
          sprint_mu_d1_spiders, sprint_mu_d2_genie, sprint_mu_d3_branching,
          sprint_mu_orc_legion, sprint_mu_elf_gauntlet, sprint_mu_hive_nellie,
          sprint_mu_lair_fedhas, sprint_mu_vaults_butterflies,
          sprint_mu_slime_circle, sprint_mu_swamp_cave, sprint_mu_snake_twists,
          sprint_mu_blade_basic, sprint_mu_crypt_lich, sprint_mu_tomb_spiral,
          sprint_mu_vestibule_basic, sprint_mu_gehenna_hellfire,
          sprint_mu_dis_giant, sprint_mu_tartarus_statrot,
          sprint_mu_cocytus_islands, sprint_mu_zot1]

Skill      XL: |  1  2  3  4  5 |
---------------+----------------+-----
Fighting       | 4 5 6 |  6.1
Armour         | 5 7 8 9 |  9.0
Maces & Flails | 2 3 4 5 |  5.0
Shields        | 4 5 6 7 |  7.0
Dodging        | |  0.1

Action                   |  1- 3 |  4- 6 || total
-------------------------+-------+-------++-------
Melee: Flail             |    30 |    18 ||    48
       Tailslap          |       |     2 ||     2
  Use: Potion            |     2 |     5 ||     7
Armor: Scale mail        |     6 |     4 ||    10
Dodge: Dodged            |    11 |     4 ||    15
Block: Buckler           |     5 |     1 ||     6

Table legend: (Time is in decaauts)
 A = Elapsed time spent in this place.
 B = Non-inter-level travel time spent in this place.
 C = Inter-level travel time spent in this place.
 D = Time resting spent in this place.
 E = Time spent auto-exploring this place.
 F = Levels seen in this place.
 G = Mean time per level.
                   A        B        C        D        E       F      G
               +--------+--------+--------+--------+--------+-----+--------+
         Total |    458 |    458 |      0 |    193 |     58 |   1 |  458.0 |
       Dungeon |    458 |    458 |      0 |    193 |     58 |   1 |  458.0 |
               +--------+--------+--------+--------+--------+-----+--------+

Top non-repeatable levels by time:
       D: 458 daAuts
